Vegas Golden Knights vs Anaheim Ducks (R1)

Created - Thursday, August 7, 2025 at 07:45

Goals
1 2 3 T
Vegas Golden Knights 4 2 1 7
Anaheim Ducks 0 3 2 5
Shots
1 2 3 T
Vegas Golden Knights 16 12 12 40
Anaheim Ducks 11 12 10 33

1st period

1. Vegas Golden Knights , Bryan Rust 3 (Thomas Chabot 1) at 3:51
2. Vegas Golden Knights , Auston Matthews 1 (Tyler Toffoli 2, Sean Monahan 4) at 6:59
3. Vegas Golden Knights , Cutter Gauthier 2 (Jordan Staal 2) at 12:57
4. Vegas Golden Knights , Auston Matthews 2 (Mathew Barzal 2, Cutter Gauthier 1) at 19:20 (PP)

Penalties :
Mark Scheifele (ANA) for Tripping (Minor) at 19:07

2nd period

5. Anaheim Ducks , Brayden Schenn 2 (Joshua Morrissey 2, Nazem Kadri 4) at 6:53
6. Vegas Golden Knights , Tyler Toffoli 3 (Sean Monahan 5, Thomas Chabot 2) at 10:25 (PP)
7. Anaheim Ducks , Nazem Kadri 3 (Mason Marchment 3, Joshua Morrissey 3) at 12:23
8. Anaheim Ducks , John Tavares 1 (Mark Scheifele 2, William Nylander 2) at 13:58 (PP)
9. Vegas Golden Knights , Tyler Toffoli 4 (Sean Monahan 6, Jack Johnson 1) at 19:55

Penalties :
John Tavares (ANA) for Holding (Minor) at 0:22, Brayden Schenn (ANA) for Tripping (Minor) at 9:11, Cole Smith (VGK) for Interference (Minor) at 13:47, Mathieu Olivier (VGK) for High sticking (Minor) at 14:42

3rd period

10. Anaheim Ducks , Brayden Schenn 3 (Mason Marchment 4, Nazem Kadri 5) at 1:45
11. Anaheim Ducks , John Tavares 2 (William Nylander 3, Ivan Provorov 1) at 5:02
12. Vegas Golden Knights , Mathew Barzal 3 (Auston Matthews 4) at 18:01 (PP)

Penalties :
Cutter Gauthier (VGK) for Roughing (Minor) at 5:44, Will Cuylle (ANA) for Slashing (Minor) at 17:17

Goalie Stats

Mackenzie Blackwood (VGK), 28 saves from 33 shots - (0.848), W, 1-1-0, 60:00 minutes
Linus Ullmark (ANA), 33 saves from 40 shots - (0.825), L, 1-2-0, 60:00 minutes

Players Stats for Vegas Golden Knights

Player Name              G  A  P  +/- PIM S  H  SB GA TA FO     MP     PP MP  PK MP  
------------------------------------------------------------------------------------
Andreas Athanasiou       0  0  0   0  0   1  0  1  1  0  5/6    11:07   0:00   1:55 
Anthony Mantha           0  0  0   0  0   0  0  1  0  0  0/0     3:51   0:00   0:00 
Auston Matthews          2  1  3   2  0   3  3  0  0  0  8/19   18:39   2:04   0:10 
Bryan Rust               1  0  1   2  0   3  1  0  0  0  1/2    18:49   2:04   1:02 
Cole Smith               0  0  0   0  2   0  1  0  0  1  2/2    10:57   0:00   1:46 
Cutter Gauthier          1  1  2  -1  2   5  1  0  1  0  0/0    14:34   2:01   0:00 
Erik Johnson             0  0  0   1  0   0  1  2  0  0  0/0    15:44   0:00   2:05 
Jack Johnson             0  1  1   1  0   1  2  0  0  0  0/0    16:05   0:03   2:05 
Jordan Staal             0  1  1  -1  0   5  1  0  1  0  6/9    14:34   0:00   1:51 
Mathew Barzal            1  1  2   2  0   3  0  1  0  0  1/2    18:29   2:04   0:39 
Mathieu Olivier          0  0  0  -1  2   2  2  0  1  0  0/1    13:39   0:00   0:55 
Reilly Smith             0  0  0  -1  0   0  0  0  1  0  2/2    16:55   2:06   0:00 
Roman Josi               0  0  0  -2  0   2  1  2  0  1  0/0    24:29   2:06   0:00 
Sean Monahan             0  3  3  -1  0   5  0  0  0  1  14/26  19:20   2:06   0:00 
Shea Theodore            0  0  0  -2  0   0  1  2  0  1  0/0    24:24   2:01   0:00 
Thomas Chabot            0  2  2   1  0   2  1  4  0  0  0/0    19:31   2:06   2:04 
Travis Hamonic           0  0  0   1  0   2  1  2  0  0  0/0    17:46   0:03   2:04 
Tyler Toffoli            2  1  3  -1  0   6  0  0  0  1  0/1    16:55   2:06   0:00 

Players Stats for Anaheim Ducks

Player Name              G  A  P  +/- PIM S  H  SB GA TA FO     MP     PP MP  PK MP  
------------------------------------------------------------------------------------
Alex Killorn             0  0  0   0  0   0  2  0  0  0  0/1    16:28   1:51   3:05 
Brayden Schenn           2  0  2   1  2   9  1  1  0  0  1/1    17:57   1:51   0:00 
Brenden Dillon           0  0  0   2  0   2  2  3  1  0  0/0    13:49   0:00   1:05 
Chandler Stephenson      0  0  0   0  0   0  3  0  0  0  2/13   14:33   0:00   3:05 
Conor Geekie             0  0  0  -1  0   1  2  0  1  0  0/4     6:45   0:00   0:00 
Esa Lindell              0  0  0  -2  0   0  0  1  0  1  0/0    25:47   1:19   3:05 
Ivan Provorov            0  1  1   0  0   0  2  2  0  1  0/0    22:10   1:30   3:05 
J.T. Compher             0  0  0  -1  0   0  1  1  0  0  1/1     8:05   0:09   1:05 
John Tavares             2  0  2   0  2   4  4  0  1  0  1/1    19:24   2:09   0:00 
Joshua Morrissey         0  2  2  -2  0   3  1  0  1  1  0/0    24:01   2:39   0:00 
Mark Scheifele           0  1  1   0  2   4  0  0  0  0  20/36  19:37   2:18   0:00 
Mason Marchment          0  2  2   1  0   2  2  1  0  0  0/1    15:57   0:00   0:00 
Morgan Rielly            0  0  0   0  0   0  1  1  0  2  0/0    20:24   2:50   0:00 
Nazem Kadri              1  2  3   1  0   3  2  0  0  0  6/12   17:58   1:51   0:00 
Parker Kelly             0  0  0  -1  0   0  1  0  0  0  0/0     6:59   0:09   0:00 
Philip Broberg           0  0  0   2  0   1  0  4  0  0  0/0    13:49   0:00   1:05 
Will Cuylle              0  0  0   0  2   2  1  2  0  0  0/0    12:33   0:00   1:05 
William Nylander         0  2  2   0  0   2  3  0  1  0  0/0    19:30   2:09   0:00 

3 Stars

1 - Auston Matthews (VGK)
2 - Tyler Toffoli (VGK)
3 - Nazem Kadri (ANA)

Power Play

Vegas Golden Knights - 3 on 4 Attempt(s) - 75.00%
Anaheim Ducks - 1 on 3 Attempt(s) - 33.33%

Penalty Kill

Vegas Golden Knights - 2 on 3 Attempt(s) - 66.67% - Score 0 goal in Penalty Kill
Anaheim Ducks - 1 on 4 Attempt(s) - 25.00% - Score 0 goal in Penalty Kill

Team Stat

Vegas Golden Knights - Hits : 16 - Faceoff Wins : 39 - Blocked Shots : 15 - Penalty Minutes : 6
Anaheim Ducks - Hits : 28 - Faceoff Wins : 31 - Blocked Shots : 16 - Penalty Minutes : 8

Official

Referees : Brandon Blandina and Eric Furlatt
Linesman : Travis Toomey and Tyson Baker

Game Notes

Anthony Mantha is injured at 18:55 of 1st period (Right Hip)

Finance

Level 1 -- Attendance: 4534 (75.57%) -- Ticket Income $453,400
Level 2 -- Attendance: 3743 (74.86%) -- Ticket Income $224,580
Level 3 -- Attendance: 2130 (71.00%) -- Ticket Income $97,980
Level 4 -- Attendance: 3550 (71.00%) -- Ticket Income $88,750
Luxury Box -- Attendance: 757 (75.70%) -- Ticket Income $151,400
Game was played at the Honda Center.
Total Attendance: 14714 (73.57%)
Total Ticket Income: $1,016,110
Other Income: $355,638
Total Income: $1,371,748

Vegas Golden Knights

5 vs 5 Forward 
   Center                   Left Wing                Right Wing               Time % Phy DF OF 
 1 Auston Matthews          Bryan Rust               Mathew Barzal            30     1   2  2  
 2 Sean Monahan             Tyler Toffoli            Reilly Smith             30     1   2  2  
 3 Jordan Staal             Cutter Gauthier          Mathieu Olivier          25     1   2  2  
 4 Andreas Athanasiou       Cole Smith               Anthony Mantha           15     1   2  2  

5 vs 5 Defense 
   Defense                  Defense                                           Time % Phy DF OF 
 1 Roman Josi               Shea Theodore                                     30     1   2  2  
 2 Thomas Chabot            Travis Hamonic                                    30     1   2  2  
 3 Jack Johnson             Erik Johnson                                      25     1   2  2  
 4 Roman Josi               Shea Theodore                                     15     1   2  2  

PowerPlay Forward 
   Center                   Left Wing                Right Wing               Time % Phy DF OF 
 1 Auston Matthews          Bryan Rust               Mathew Barzal            50     1   2  2  
 2 Sean Monahan             Tyler Toffoli            Reilly Smith             50     1   2  2  

PowerPlay Defense
   Defense                  Defense                                           Time % Phy DF OF 
 1 Shea Theodore            Cutter Gauthier                                   50     1   2  2  
 2 Roman Josi               Anthony Mantha                                    50     1   2  2  

Penalty Kill 4 Players Forward 
   Center                   Wing                     Time % Phy DF OF 
 1 Jordan Staal             Mathieu Olivier          50     1   2  2  
 2 Andreas Athanasiou       Cole Smith               50     1   2  2  

Penalty Kill 4 Players Defense
   Defense                  Defense                  Time % Phy DF OF 
 1 Thomas Chabot            Travis Hamonic           50     1   2  2  
 2 Jack Johnson             Erik Johnson             50     1   2  2  

Penalty Kill - 3 Players Forward 
   Forward                                           Time % Phy DF OF 
 1 Jordan Staal                                      50     1   2  2  
 2 Andreas Athanasiou                                50     1   2  2  

Penalty Kill - 3 Players Defense
   Defense                  Defense                  Time % Phy DF OF 
 1 Thomas Chabot            Travis Hamonic           50     1   2  2  
 2 Jack Johnson             Erik Johnson             50     1   2  2  

4 vs 4 Forward 
   Center                   Wing                     Time % Phy DF OF 
 1 Auston Matthews          Bryan Rust               50     1   2  2  
 2 Sean Monahan             Tyler Toffoli            50     1   2  2  

4 vs 4 Defense
   Defense                  Defense                  Time % Phy DF OF 
 1 Shea Theodore            Roman Josi               50     1   2  2  
 2 Thomas Chabot            Travis Hamonic           50     1   2  2  

Last Minutes Offensive
   Center                   Left Wing                Right Wing               Defense                  Defense                  
   Sean Monahan             Auston Matthews          Bryan Rust               Shea Theodore            Roman Josi               

Last Minutes Defensive
   Center                   Left Wing                Right Wing               Defense                  Defense                  
   Jordan Staal             Mathieu Olivier          Cole Smith               Thomas Chabot            Travis Hamonic           

Goaltenders
Starting : Mackenzie Blackwood      
Backup : Ville Husso              

Extra Forwards
Normal : Sean Monahan, Auston Matthews, Bryan Rust - PP : Jordan Staal, Mathieu Olivier - PK : Bryan Rust
Extra Defensemen
Normal : Thomas Chabot, Shea Theodore, Roman Josi - PP : Thomas Chabot - PK : Shea Theodore, Roman Josi
Penalty Shots
Sean Monahan, Bryan Rust, Anthony Mantha, Shea Theodore, Auston Matthews

Scratches
Brendan Smith (Healthy), Danton Heinen (Healthy), Ryan Graves (Healthy), Anthony Duclair (Healthy)

Anaheim Ducks

5 vs 5 Forward 
   Center                   Left Wing                Right Wing               Time % Phy DF OF 
 1 Mark Scheifele           John Tavares             William Nylander         40     1   2  2  
 2 Nazem Kadri              Mason Marchment          Brayden Schenn           35     1   2  2  
 3 Chandler Stephenson      Alex Killorn             Will Cuylle              20     1   2  2  
 4 Conor Geekie             J.T. Compher             Parker Kelly             5      1   2  2  

5 vs 5 Defense 
   Defense                  Defense                                           Time % Phy DF OF 
 1 Esa Lindell              Joshua Morrissey                                  40     1   2  2  
 2 Ivan Provorov            Morgan Rielly                                     35     1   2  2  
 3 Brenden Dillon           Philip Broberg                                    25     1   2  2  
 4 Esa Lindell              Ivan Provorov                                     0      1   2  2  

PowerPlay Forward 
   Center                   Left Wing                Right Wing               Time % Phy DF OF 
 1 Mark Scheifele           John Tavares             William Nylander         60     1   1  3  
 2 Nazem Kadri              Brayden Schenn           Alex Killorn             40     1   1  3  

PowerPlay Defense
   Defense                  Defense                                           Time % Phy DF OF 
 1 Morgan Rielly            Joshua Morrissey                                  60     1   1  3  
 2 Ivan Provorov            Esa Lindell                                       40     1   2  2  

Penalty Kill 4 Players Forward 
   Center                   Wing                     Time % Phy DF OF 
 1 Chandler Stephenson      Alex Killorn             60     1   3  1  
 2 J.T. Compher             Will Cuylle              40     1   3  1  

Penalty Kill 4 Players Defense
   Defense                  Defense                  Time % Phy DF OF 
 1 Esa Lindell              Ivan Provorov            60     1   3  1  
 2 Brenden Dillon           Philip Broberg           40     1   3  1  

Penalty Kill - 3 Players Forward 
   Forward                                           Time % Phy DF OF 
 1 Chandler Stephenson                               60     1   4  0  
 2 Alex Killorn                                      40     1   4  0  

Penalty Kill - 3 Players Defense
   Defense                  Defense                  Time % Phy DF OF 
 1 Esa Lindell              Ivan Provorov            60     1   4  0  
 2 Brenden Dillon           Philip Broberg           40     1   4  0  

4 vs 4 Forward 
   Center                   Wing                     Time % Phy DF OF 
 1 John Tavares             William Nylander         60     1   2  2  
 2 Mark Scheifele           Nazem Kadri              40     1   2  2  

4 vs 4 Defense
   Defense                  Defense                  Time % Phy DF OF 
 1 Esa Lindell              Joshua Morrissey         60     1   2  2  
 2 Brenden Dillon           Ivan Provorov            40     1   2  2  

Last Minutes Offensive
   Center                   Left Wing                Right Wing               Defense                  Defense                  
   Mark Scheifele           John Tavares             William Nylander         Joshua Morrissey         Alex Killorn             

Last Minutes Defensive
   Center                   Left Wing                Right Wing               Defense                  Defense                  
   Chandler Stephenson      Alex Killorn             Brayden Schenn           Ivan Provorov            Esa Lindell              

Goaltenders
Starting : Linus Ullmark            
Backup : James Reimer             

Extra Forwards
Normal : William Nylander, Mark Scheifele, John Tavares - PP : William Nylander, John Tavares - PK : Chandler Stephenson
Extra Defensemen
Normal : Esa Lindell, Ivan Provorov, Brenden Dillon - PP : Joshua Morrissey - PK : Esa Lindell, Ivan Provorov
Penalty Shots
Chandler Stephenson, Mark Scheifele, Brayden Schenn, Alex Killorn, William Nylander

Scratches
None


% Time on Ice - Vegas Golden Knights

Lines # - Real PCT - Wanted PCT - Time Play
Normal Forward
1 - 30% - 30% - 15:33
2 - 28% - 30% - 14:24
3 - 24% - 25% - 12:33
4 - 18% - 15% - 9:11
Normal Defense
1 - 31% - 30% - 16:03
2 - 30% - 30% - 15:41
3 - 26% - 25% - 13:37
4 - 12% - 15% - 6:20
PP Forward
1 - 50% - 50% - 2:04
2 - 50% - 50% - 2:06
PP Defense
1 - 48% - 50% - 2:01
2 - 52% - 50% - 2:09
PK Forward
1 - 54% - 50% - 2:14
2 - 46% - 50% - 1:55
PK Defense
1 - 50% - 50% - 2:04
2 - 50% - 50% - 2:05
PK3 Forward
1 - 0% - 50%
2 - 0% - 50%
PK3 Defense
1 - 0% - 50%
2 - 0% - 50%
44 Forward
1 - 0% - 50%
2 - 0% - 50%
44 Defense
1 - 0% - 50%
2 - 0% - 50%
Last Minute Offensive  - 0:00
Last Minute Defensive  - 0:00
Total
Forward - 60:00
Defense - 60:00

% Time on Ice - Anaheim Ducks

Lines # - Real PCT - Wanted PCT - Time Play
Normal Forward
1 - 33% - 40% - 17:16
2 - 31% - 35% - 16:12
3 - 22% - 20% - 11:28
4 - 13% - 5% - 6:45
Normal Defense
1 - 41% - 40% - 21:23
2 - 34% - 35% - 17:34
3 - 25% - 25% - 12:44
4 - 0% - 0% - 0:00
PP Forward
1 - 55% - 60% - 2:18
2 - 45% - 40% - 1:51
PP Defense
1 - 68% - 60% - 2:50
2 - 32% - 40% - 1:19
PK Forward
1 - 74% - 60% - 3:05
2 - 26% - 40% - 1:05
PK Defense
1 - 74% - 60% - 3:05
2 - 26% - 40% - 1:05
PK3 Forward
1 - 0% - 60%
2 - 0% - 40%
PK3 Defense
1 - 0% - 60%
2 - 0% - 40%
44 Forward
1 - 0% - 60%
2 - 0% - 40%
44 Defense
1 - 0% - 60%
2 - 0% - 40%
Last Minute Offensive  - 0:00
Last Minute Defensive  - 0:00
Total
Forward - 60:00
Defense - 60:00

Play-by-Play

1st period


0:01 of 1st period - Mark Scheifele wins face-off versus Auston Matthews in neutral zone.
0:26 of 1st period - Esa Lindell is hit by Mathieu Olivier and loses puck.
0:33 of 1st period - Snap shot by Cutter Gauthier.
0:33 of 1st period - Shot Misses the Net.
0:37 of 1st period - Snap shot by Cutter Gauthier.
0:37 of 1st period - Stopped by Linus Ullmark with a rebound.
0:39 of 1st period - Slapshot by Travis Hamonic.
0:39 of 1st period - Stopped by Linus Ullmark without a rebound.
0:40 of 1st period - Nazem Kadri wins face-off versus Sean Monahan in Anaheim Ducks zone.
1:40 of 1st period - Wrist shot by Auston Matthews.
1:40 of 1st period - Shot Blocked by Brenden Dillon.
2:15 of 1st period - Snap shot by Mark Scheifele.
2:15 of 1st period - Stopped by Mackenzie Blackwood without a rebound.
2:16 of 1st period - Reilly Smith wins face-off versus Chandler Stephenson in Vegas Golden Knights zone.
2:39 of 1st period - Snap shot by Tyler Toffoli.
2:39 of 1st period - Stopped by Linus Ullmark without a rebound.
2:40 of 1st period - Nazem Kadri wins face-off versus Auston Matthews in Anaheim Ducks zone.
2:42 of 1st period - Icing by Mason Marchment.
2:43 of 1st period - Auston Matthews wins face-off versus Nazem Kadri in Anaheim Ducks zone.
2:46 of 1st period - Wrist shot by Auston Matthews.
2:46 of 1st period - Shot Hit the Post.
2:48 of 1st period - Slapshot by Travis Hamonic.
2:48 of 1st period - Stopped by Linus Ullmark with a rebound.
2:58 of 1st period - Snap shot by Nazem Kadri.
2:58 of 1st period - Shot Blocked by Thomas Chabot.
3:51 of 1st period - Wrist shot by Bryan Rust.
3:51 of 1st period - Goal by Bryan Rust - Vegas Golden Knights : 1 - Anaheim Ducks : 0.
3:52 of 1st period - Jordan Staal wins face-off versus Mark Scheifele in neutral zone.
3:55 of 1st period - Snap shot by Cutter Gauthier.
3:55 of 1st period - Shot Misses the Net.
4:40 of 1st period - Wrist shot by Conor Geekie.
4:40 of 1st period - Stopped by Mackenzie Blackwood without a rebound.
4:41 of 1st period - Cole Smith wins face-off versus Conor Geekie in Vegas Golden Knights zone.
4:41 of 1st period - Cole Smith is hit by Conor Geekie.
5:09 of 1st period - Slapshot by Jordan Staal.
5:09 of 1st period - Stopped by Linus Ullmark with a rebound.
5:11 of 1st period - Slapshot by Cutter Gauthier.
5:11 of 1st period - Shot Misses the Net.
5:19 of 1st period - Wrist shot by Mark Scheifele.
5:19 of 1st period - Stopped by Mackenzie Blackwood without a rebound.
5:20 of 1st period - Chandler Stephenson wins face-off versus Tyler Toffoli in Vegas Golden Knights zone.
5:21 of 1st period - Slapshot by Joshua Morrissey.
5:21 of 1st period - Shot Blocked by Roman Josi.
5:31 of 1st period - Snap shot by Sean Monahan.
5:31 of 1st period - Shot Misses the Net.
5:35 of 1st period - Snap shot by Tyler Toffoli.
5:35 of 1st period - Shot Misses the Net.
6:00 of 1st period - Alex Killorn is hit by Cole Smith.
6:10 of 1st period - Travis Hamonic is hit by John Tavares and loses puck.
6:36 of 1st period - Nazem Kadri is hit by Erik Johnson and loses puck.
6:52 of 1st period - Icing by Jack Johnson.
6:53 of 1st period - Sean Monahan wins face-off versus Conor Geekie in Vegas Golden Knights zone.
6:53 of 1st period - Sean Monahan is hit by Conor Geekie.
6:59 of 1st period - Snap shot by Auston Matthews.
6:59 of 1st period - Goal by Auston Matthews - Vegas Golden Knights : 2 - Anaheim Ducks : 0.
7:00 of 1st period - Sean Monahan wins face-off versus Mark Scheifele in neutral zone.
7:32 of 1st period - Slapshot by Nazem Kadri.
7:32 of 1st period - Shot Blocked by Thomas Chabot.
7:49 of 1st period - Slapshot by Brenden Dillon.
7:49 of 1st period - Deflect By J.T. Compher.
7:49 of 1st period - Shot Blocked by Travis Hamonic.
7:49 of 1st period - Puck is out of play.
7:50 of 1st period - Jordan Staal wins face-off versus Conor Geekie in Vegas Golden Knights zone.
8:01 of 1st period - Snap shot by Mathieu Olivier.
8:01 of 1st period - Shot Misses the Net.
8:06 of 1st period - Off-side.
8:07 of 1st period - Mark Scheifele wins face-off versus Sean Monahan in neutral zone.
8:09 of 1st period - Off-side.
8:10 of 1st period - Mark Scheifele wins face-off versus Sean Monahan in neutral zone.
8:29 of 1st period - Tyler Toffoli is hit by John Tavares and loses puck.
8:33 of 1st period - Icing by Tyler Toffoli.
8:34 of 1st period - Nazem Kadri wins face-off versus Sean Monahan in Vegas Golden Knights zone.
8:45 of 1st period - Snap shot by Brayden Schenn.
8:45 of 1st period - Stopped by Mackenzie Blackwood without a rebound.
8:46 of 1st period - Mark Scheifele wins face-off versus Auston Matthews in Vegas Golden Knights zone.
8:47 of 1st period - Snap shot by William Nylander.
8:47 of 1st period - Shot Blocked by Thomas Chabot.
8:49 of 1st period - Snap shot by Brenden Dillon.
8:49 of 1st period - Stopped by Mackenzie Blackwood with a rebound.
8:51 of 1st period - Slapshot by Philip Broberg.
8:51 of 1st period - Stopped by Mackenzie Blackwood with a rebound.
9:13 of 1st period - Mathieu Olivier is hit by Mason Marchment and loses puck.
9:52 of 1st period - Tyler Toffoli is hit by J.T. Compher and loses puck.
10:02 of 1st period - Wrist shot by Conor Geekie.
10:02 of 1st period - Shot Blocked by Shea Theodore.
10:18 of 1st period - Auston Matthews is hit by Morgan Rielly and loses puck.
10:37 of 1st period - Snap shot by Brayden Schenn.
10:37 of 1st period - Stopped by Mackenzie Blackwood without a rebound.
10:38 of 1st period - Nazem Kadri wins face-off versus Jordan Staal in Vegas Golden Knights zone.
10:39 of 1st period - Wrist shot by Brayden Schenn.
10:39 of 1st period - Shot Blocked by Erik Johnson.
11:18 of 1st period - Snap shot by Jordan Staal.
11:18 of 1st period - Stopped by Linus Ullmark with a rebound.
11:20 of 1st period - Wrist shot by Cutter Gauthier.
11:20 of 1st period - Stopped by Linus Ullmark without a rebound.
11:21 of 1st period - Auston Matthews wins face-off versus Mark Scheifele in Anaheim Ducks zone.
11:32 of 1st period - Snap shot by Bryan Rust.
11:32 of 1st period - Stopped by Linus Ullmark with a rebound.
11:51 of 1st period - Wrist shot by Anthony Mantha.
11:51 of 1st period - Shot Blocked by Philip Broberg.
12:57 of 1st period - Wrist shot by Cutter Gauthier.
12:57 of 1st period - Goal by Cutter Gauthier - Vegas Golden Knights : 3 - Anaheim Ducks : 0.
12:58 of 1st period - Mark Scheifele wins face-off versus Sean Monahan in neutral zone.
13:21 of 1st period - Icing by Esa Lindell.
13:22 of 1st period - Mark Scheifele wins face-off versus Auston Matthews in Anaheim Ducks zone.
13:49 of 1st period - Icing by Morgan Rielly.
13:50 of 1st period - Andreas Athanasiou wins face-off versus Chandler Stephenson in Anaheim Ducks zone.
13:53 of 1st period - Snap shot by Anthony Mantha.
13:53 of 1st period - Shot Misses the Net.
14:01 of 1st period - Slapshot by Chandler Stephenson.
14:01 of 1st period - Shot Blocked by Andreas Athanasiou.
14:03 of 1st period - Slapshot by Brenden Dillon.
14:03 of 1st period - Stopped by Mackenzie Blackwood with a rebound.
14:23 of 1st period - Wrist shot by Chandler Stephenson.
14:23 of 1st period - Shot Blocked by Anthony Mantha.
14:25 of 1st period - Slapshot by Brenden Dillon.
14:25 of 1st period - Shot Misses the Net.
15:06 of 1st period - Slapshot by Will Cuylle.
15:06 of 1st period - Stopped by Mackenzie Blackwood without a rebound.
15:07 of 1st period - Sean Monahan wins face-off versus Mark Scheifele in Vegas Golden Knights zone.
15:18 of 1st period - Snap shot by Sean Monahan.
15:18 of 1st period - Shot Misses the Net.
15:20 of 1st period - Slapshot by Jack Johnson.
15:20 of 1st period - Stopped by Linus Ullmark with a rebound.
15:22 of 1st period - Snap shot by Sean Monahan.
15:22 of 1st period - Stopped by Linus Ullmark with a rebound.
15:34 of 1st period - Snap shot by Jordan Staal.
15:34 of 1st period - Stopped by Linus Ullmark without a rebound.
15:35 of 1st period - Brayden Schenn wins face-off versus Mathieu Olivier in Anaheim Ducks zone.
16:06 of 1st period - Slapshot by Joshua Morrissey.
16:06 of 1st period - Stopped by Mackenzie Blackwood with a rebound.
16:16 of 1st period - Wrist shot by Mason Marchment.
16:16 of 1st period - Shot Misses the Net.
16:28 of 1st period - Snap shot by Brayden Schenn.
16:28 of 1st period - Stopped by Mackenzie Blackwood with a rebound.
16:46 of 1st period - Slapshot by Nazem Kadri.
16:46 of 1st period - Shot Misses the Net.
17:08 of 1st period - Slapshot by Mathieu Olivier.
17:08 of 1st period - Stopped by Linus Ullmark without a rebound.
17:09 of 1st period - Mark Scheifele wins face-off versus Auston Matthews in Anaheim Ducks zone.
17:20 of 1st period - Roman Josi is hit by William Nylander and loses puck.
18:54 of 1st period - Anthony Mantha is hit by Brenden Dillon and loses puck.
18:55 of 1st period - Anthony Mantha from Vegas Golden Knights is injured at 18:55 of 1st period (Right Hip).
18:56 of 1st period - Sean Monahan wins face-off versus Mark Scheifele in Vegas Golden Knights zone.
18:56 of 1st period - Sean Monahan is hit by John Tavares.
19:07 of 1st period - Minor Penalty to Mark Scheifele for Tripping.
19:08 of 1st period - Chandler Stephenson wins face-off versus Auston Matthews in Anaheim Ducks zone.
19:20 of 1st period - Snap shot by Auston Matthews.
19:20 of 1st period - Goal by Auston Matthews - Vegas Golden Knights : 4 - Anaheim Ducks : 0.
19:21 of 1st period - Mark Scheifele wins face-off versus Mathew Barzal in neutral zone.
Goals for this period are 4 for Vegas Golden Knights vs 0 for Anaheim Ducks.
Shots for this period are 16 for Vegas Golden Knights vs 11 for Anaheim Ducks.

2nd period


0:01 of 2nd period - Mark Scheifele wins face-off versus Auston Matthews in neutral zone.
0:08 of 2nd period - Wrist shot by William Nylander.
0:08 of 2nd period - Shot Misses the Net.
0:22 of 2nd period - Minor Penalty to John Tavares for Holding.
0:23 of 2nd period - Sean Monahan wins face-off versus Chandler Stephenson in Anaheim Ducks zone.
1:01 of 2nd period - Snap shot by Sean Monahan.
1:01 of 2nd period - Shot Blocked by Ivan Provorov.
1:03 of 2nd period - Slapshot by Thomas Chabot.
1:03 of 2nd period - Shot Blocked by Esa Lindell.
1:05 of 2nd period - Snap shot by Sean Monahan.
1:05 of 2nd period - Shot Misses the Net.
1:07 of 2nd period - Snap shot by Thomas Chabot.
1:07 of 2nd period - Stopped by Linus Ullmark with a rebound.
1:09 of 2nd period - Snap shot by Tyler Toffoli.
1:09 of 2nd period - Shot Misses the Net.
1:21 of 2nd period - Slapshot by Sean Monahan.
1:21 of 2nd period - Stopped by Linus Ullmark with a rebound.
1:23 of 2nd period - Backhand shot by Roman Josi.
1:23 of 2nd period - Shot Misses the Net.
1:47 of 2nd period - Slapshot by Roman Josi.
1:47 of 2nd period - Deflect By Sean Monahan.
1:47 of 2nd period - Stopped by Linus Ullmark without a rebound.
1:48 of 2nd period - J.T. Compher wins face-off versus Auston Matthews in Anaheim Ducks zone.
2:22 of 2nd period - Penalty to John Tavares is over, John Tavares is back on ice.
2:37 of 2nd period - Wrist shot by Nazem Kadri.
2:37 of 2nd period - Stopped by Mackenzie Blackwood with a rebound.
2:39 of 2nd period - Slapshot by Brayden Schenn.
2:39 of 2nd period - Stopped by Mackenzie Blackwood without a rebound.
2:40 of 2nd period - Nazem Kadri wins face-off versus Andreas Athanasiou in Vegas Golden Knights zone.
2:43 of 2nd period - Snap shot by Brayden Schenn.
2:43 of 2nd period - Shot Misses the Net.
3:23 of 2nd period - Wrist shot by Andreas Athanasiou.
3:23 of 2nd period - Shot Blocked by J.T. Compher.
3:33 of 2nd period - Snap shot by Conor Geekie.
3:33 of 2nd period - Shot Blocked by Erik Johnson.
4:56 of 2nd period - Slapshot by Ivan Provorov.
4:56 of 2nd period - Shot Misses the Net.
4:58 of 2nd period - Wrist shot by John Tavares.
4:58 of 2nd period - Shot Misses the Net.
5:16 of 2nd period - Snap shot by Conor Geekie.
5:16 of 2nd period - Shot Misses the Net.
5:49 of 2nd period - Philip Broberg is hit by Shea Theodore and loses puck.
6:49 of 2nd period - Slapshot by Joshua Morrissey.
6:49 of 2nd period - Deflect By Brayden Schenn.
6:49 of 2nd period - Stopped by Mackenzie Blackwood with a rebound.
6:51 of 2nd period - Wrist shot by Brayden Schenn.
6:51 of 2nd period - Stopped by Mackenzie Blackwood with a rebound.
6:53 of 2nd period - Wrist shot by Brayden Schenn.
6:53 of 2nd period - Goal by Brayden Schenn - Vegas Golden Knights : 4 - Anaheim Ducks : 1.
6:54 of 2nd period - Mark Scheifele wins face-off versus Sean Monahan in neutral zone.
7:20 of 2nd period - Shea Theodore is hit by Alex Killorn and loses puck.
7:46 of 2nd period - Joshua Morrissey is hit by Jordan Staal and loses puck.
8:23 of 2nd period - J.T. Compher is hit by Auston Matthews and loses puck.
8:42 of 2nd period - Jack Johnson is hit by Brenden Dillon and loses puck.
8:51 of 2nd period - Wrist shot by Will Cuylle.
8:51 of 2nd period - Stopped by Mackenzie Blackwood with a rebound.
9:11 of 2nd period - Minor Penalty to Brayden Schenn for Tripping.
9:12 of 2nd period - Auston Matthews wins face-off versus Chandler Stephenson in Anaheim Ducks zone.
9:17 of 2nd period - Snap shot by Bryan Rust.
9:17 of 2nd period - Deflect By Mathew Barzal.
9:17 of 2nd period - Shot Blocked by Ivan Provorov.
9:17 of 2nd period - Puck is out of play.
9:18 of 2nd period - Bryan Rust wins face-off versus Chandler Stephenson in Anaheim Ducks zone.
10:05 of 2nd period - Philip Broberg is hit by Auston Matthews and loses puck.
10:10 of 2nd period - Slapshot by Mathew Barzal.
10:10 of 2nd period - Shot Blocked by Philip Broberg.
10:12 of 2nd period - Slapshot by Auston Matthews.
10:12 of 2nd period - Stopped by Linus Ullmark without a rebound.
10:13 of 2nd period - Sean Monahan wins face-off versus Chandler Stephenson in Anaheim Ducks zone.
10:25 of 2nd period - Wrist shot by Tyler Toffoli.
10:25 of 2nd period - Deflect By Chandler Stephenson.
10:25 of 2nd period - Goal by Tyler Toffoli - Vegas Golden Knights : 5 - Anaheim Ducks : 1.
10:26 of 2nd period - Reilly Smith wins face-off versus Mark Scheifele in neutral zone.
12:14 of 2nd period - Jordan Staal is hit by Mason Marchment and loses puck.
12:19 of 2nd period - Snap shot by Mason Marchment.
12:19 of 2nd period - Shot Misses the Net.
12:21 of 2nd period - Snap shot by Mason Marchment.
12:21 of 2nd period - Stopped by Mackenzie Blackwood with a rebound.
12:23 of 2nd period - Snap shot by Nazem Kadri.
12:23 of 2nd period - Goal by Nazem Kadri - Vegas Golden Knights : 5 - Anaheim Ducks : 2.
12:24 of 2nd period - Mark Scheifele wins face-off versus Sean Monahan in neutral zone.
13:01 of 2nd period - Wrist shot by Mathew Barzal.
13:01 of 2nd period - Stopped by Linus Ullmark with a rebound.
13:05 of 2nd period - Snap shot by Bryan Rust.
13:05 of 2nd period - Shot Misses the Net.
13:21 of 2nd period - Chandler Stephenson is hit by Cutter Gauthier and loses puck.
13:39 of 2nd period - Joshua Morrissey is hit by Jack Johnson and loses puck.
13:47 of 2nd period - Minor Penalty to Cole Smith for Interference.
13:48 of 2nd period - Jordan Staal wins face-off versus Mark Scheifele in Vegas Golden Knights zone.
13:58 of 2nd period - Snap shot by Mark Scheifele.
13:58 of 2nd period - Deflect By John Tavares.
13:58 of 2nd period - Goal by John Tavares - Vegas Golden Knights : 5 - Anaheim Ducks : 3.
13:59 of 2nd period - Mark Scheifele wins face-off versus Sean Monahan in neutral zone.
14:24 of 2nd period - Shea Theodore is hit by Brayden Schenn and loses puck.
14:42 of 2nd period - Minor Penalty to Mathieu Olivier for High sticking.
14:43 of 2nd period - Mark Scheifele wins face-off versus Jordan Staal in Vegas Golden Knights zone.
14:50 of 2nd period - Backhand shot by Mark Scheifele.
14:50 of 2nd period - Stopped by Mackenzie Blackwood with a rebound.
15:09 of 2nd period - Andreas Athanasiou is hit by Joshua Morrissey and loses puck.
16:38 of 2nd period - Bryan Rust is hit by Parker Kelly and loses puck.
16:42 of 2nd period - Penalty to Mathieu Olivier is over, Mathieu Olivier is back on ice.
16:49 of 2nd period - Snap shot by Tyler Toffoli.
16:49 of 2nd period - Stopped by Linus Ullmark without a rebound.
16:50 of 2nd period - Sean Monahan wins face-off versus Alex Killorn in Anaheim Ducks zone.
16:55 of 2nd period - Wrist shot by Tyler Toffoli.
16:55 of 2nd period - Shot Blocked by Brenden Dillon.
16:57 of 2nd period - Slapshot by Roman Josi.
16:57 of 2nd period - Stopped by Linus Ullmark with a rebound.
16:59 of 2nd period - Slapshot by Roman Josi.
16:59 of 2nd period - Shot Blocked by Will Cuylle.
17:01 of 2nd period - Wrist shot by Roman Josi.
17:01 of 2nd period - Shot Blocked by Philip Broberg.
17:03 of 2nd period - Wrist shot by Reilly Smith.
17:03 of 2nd period - Shot Misses the Net.
17:05 of 2nd period - Backhand shot by Roman Josi.
17:05 of 2nd period - Stopped by Linus Ullmark without a rebound.
17:06 of 2nd period - Auston Matthews wins face-off versus Nazem Kadri in Anaheim Ducks zone.
17:15 of 2nd period - Slapshot by Auston Matthews.
17:15 of 2nd period - Deflect By Mathew Barzal.
17:15 of 2nd period - Shot Misses the Net.
17:15 of 2nd period - Puck is out of play.
17:16 of 2nd period - Nazem Kadri wins face-off versus Auston Matthews in Anaheim Ducks zone.
17:23 of 2nd period - Wrist shot by Joshua Morrissey.
17:23 of 2nd period - Stopped by Mackenzie Blackwood with a rebound.
17:35 of 2nd period - Snap shot by Nazem Kadri.
17:35 of 2nd period - Deflect By Mason Marchment.
17:35 of 2nd period - Shot Misses the Net.
17:35 of 2nd period - Puck is out of play.
17:36 of 2nd period - Sean Monahan wins face-off versus Mark Scheifele in Vegas Golden Knights zone.
17:50 of 2nd period - Off-side.
17:51 of 2nd period - Mark Scheifele wins face-off versus Auston Matthews in neutral zone.
18:00 of 2nd period - Backhand shot by Mathew Barzal.
18:00 of 2nd period - Shot Misses the Net.
18:16 of 2nd period - Sean Monahan is hit by Ivan Provorov and loses puck.
18:47 of 2nd period - Slapshot by Roman Josi.
18:47 of 2nd period - Shot Blocked by Will Cuylle.
18:49 of 2nd period - Snap shot by Cutter Gauthier.
18:49 of 2nd period - Stopped by Linus Ullmark without a rebound.
18:50 of 2nd period - Mark Scheifele wins face-off versus Auston Matthews in Anaheim Ducks zone.
19:29 of 2nd period - Wrist shot by Tyler Toffoli.
19:29 of 2nd period - Stopped by Linus Ullmark without a rebound.
19:30 of 2nd period - Jordan Staal wins face-off versus Chandler Stephenson in Anaheim Ducks zone.
19:41 of 2nd period - Slapshot by Will Cuylle.
19:41 of 2nd period - Deflect By Chandler Stephenson.
19:41 of 2nd period - Shot Misses the Net.
19:41 of 2nd period - Puck is out of play.
19:42 of 2nd period - Mark Scheifele wins face-off versus Sean Monahan in Vegas Golden Knights zone.
19:43 of 2nd period - Snap shot by William Nylander.
19:43 of 2nd period - Stopped by Mackenzie Blackwood without a rebound.
19:44 of 2nd period - Sean Monahan wins face-off versus Mark Scheifele in Vegas Golden Knights zone.
19:55 of 2nd period - Snap shot by Tyler Toffoli.
19:55 of 2nd period - Goal by Tyler Toffoli - Vegas Golden Knights : 6 - Anaheim Ducks : 3.
19:56 of 2nd period - Mark Scheifele wins face-off versus Sean Monahan in neutral zone.
Goals for this period are 2 for Vegas Golden Knights vs 3 for Anaheim Ducks.
Shots for this period are 12 for Vegas Golden Knights vs 12 for Anaheim Ducks.

3rd period


0:01 of 3rd period - Mark Scheifele wins face-off versus Sean Monahan in neutral zone.
1:45 of 3rd period - Snap shot by Brayden Schenn.
1:45 of 3rd period - Goal by Brayden Schenn - Vegas Golden Knights : 6 - Anaheim Ducks : 4.
1:46 of 3rd period - Sean Monahan wins face-off versus Mark Scheifele in neutral zone.
2:34 of 3rd period - Roman Josi is hit by Will Cuylle.
2:42 of 3rd period - Wrist shot by Chandler Stephenson.
2:42 of 3rd period - Shot Misses the Net.
3:13 of 3rd period - Slapshot by Sean Monahan.
3:13 of 3rd period - Stopped by Linus Ullmark without a rebound.
3:14 of 3rd period - Andreas Athanasiou wins face-off versus Mark Scheifele in Anaheim Ducks zone.
3:39 of 3rd period - Slapshot by Nazem Kadri.
3:39 of 3rd period - Stopped by Mackenzie Blackwood with a rebound.
3:41 of 3rd period - Snap shot by Mason Marchment.
3:41 of 3rd period - Stopped by Mackenzie Blackwood without a rebound.
3:42 of 3rd period - Mathew Barzal wins face-off versus Nazem Kadri in Vegas Golden Knights zone.
3:53 of 3rd period - Off-side.
3:54 of 3rd period - Sean Monahan wins face-off versus Mark Scheifele in neutral zone.
4:01 of 3rd period - Slapshot by Tyler Toffoli.
4:01 of 3rd period - Stopped by Linus Ullmark with a rebound.
4:27 of 3rd period - Ivan Provorov is hit by Roman Josi and loses puck.
4:48 of 3rd period - Snap shot by Mark Scheifele.
4:48 of 3rd period - Stopped by Mackenzie Blackwood with a rebound.
4:50 of 3rd period - Snap shot by William Nylander.
4:50 of 3rd period - Deflect By John Tavares.
4:50 of 3rd period - Stopped by Mackenzie Blackwood with a rebound.
4:52 of 3rd period - Slapshot by William Nylander.
4:52 of 3rd period - Shot Blocked by Shea Theodore.
4:54 of 3rd period - Slapshot by Ivan Provorov.
4:54 of 3rd period - Shot Misses the Net.
4:56 of 3rd period - Wrist shot by John Tavares.
4:56 of 3rd period - Stopped by Mackenzie Blackwood with a rebound.
4:58 of 3rd period - Wrist shot by William Nylander.
4:58 of 3rd period - Shot Blocked by Roman Josi.
5:00 of 3rd period - Wrist shot by William Nylander.
5:00 of 3rd period - Shot Misses the Net.
5:02 of 3rd period - Wrist shot by John Tavares.
5:02 of 3rd period - Goal by John Tavares - Vegas Golden Knights : 6 - Anaheim Ducks : 5.
5:03 of 3rd period - Auston Matthews wins face-off versus Nazem Kadri in neutral zone.
5:06 of 3rd period - Wrist shot by Mathew Barzal.
5:06 of 3rd period - Shot Blocked by Mason Marchment.
5:28 of 3rd period - Chandler Stephenson is hit by Thomas Chabot.
5:44 of 3rd period - Minor Penalty to Cutter Gauthier for Roughing.
5:45 of 3rd period - Cole Smith wins face-off versus Mark Scheifele in Vegas Golden Knights zone.
5:56 of 3rd period - Snap shot by Andreas Athanasiou.
5:56 of 3rd period - Stopped by Linus Ullmark with a rebound.
6:12 of 3rd period - Alex Killorn is hit by Mathieu Olivier and loses puck.
7:22 of 3rd period - Icing by Joshua Morrissey.
7:23 of 3rd period - Andreas Athanasiou wins face-off versus Mark Scheifele in Anaheim Ducks zone.
7:39 of 3rd period - Icing by Nazem Kadri.
7:40 of 3rd period - Andreas Athanasiou wins face-off versus Nazem Kadri in Anaheim Ducks zone.
7:44 of 3rd period - Penalty to Cutter Gauthier is over, Cutter Gauthier is back on ice.
7:51 of 3rd period - Slapshot by Joshua Morrissey.
7:51 of 3rd period - Stopped by Mackenzie Blackwood without a rebound.
7:52 of 3rd period - Auston Matthews wins face-off versus Conor Geekie in Vegas Golden Knights zone.
8:15 of 3rd period - Wrist shot by Bryan Rust.
8:15 of 3rd period - Stopped by Linus Ullmark with a rebound.
8:17 of 3rd period - Slapshot by Shea Theodore.
8:17 of 3rd period - Shot Blocked by Philip Broberg.
8:19 of 3rd period - Slapshot by Shea Theodore.
8:19 of 3rd period - Shot Blocked by Brenden Dillon.
8:21 of 3rd period - Snap shot by Mathew Barzal.
8:21 of 3rd period - Stopped by Linus Ullmark without a rebound.
8:22 of 3rd period - Sean Monahan wins face-off versus Mark Scheifele in Anaheim Ducks zone.
8:25 of 3rd period - Slapshot by Sean Monahan.
8:25 of 3rd period - Shot Misses the Net.
8:51 of 3rd period - Snap shot by Jordan Staal.
8:51 of 3rd period - Shot Misses the Net.
8:53 of 3rd period - Slapshot by Thomas Chabot.
8:53 of 3rd period - Deflect By Nazem Kadri.
8:53 of 3rd period - Stopped by Linus Ullmark without a rebound.
8:54 of 3rd period - Jordan Staal wins face-off versus Mason Marchment in Anaheim Ducks zone.
8:59 of 3rd period - Snap shot by Jordan Staal.
8:59 of 3rd period - Stopped by Linus Ullmark with a rebound.
9:05 of 3rd period - Slapshot by Jordan Staal.
9:05 of 3rd period - Stopped by Linus Ullmark without a rebound.
9:06 of 3rd period - John Tavares wins face-off versus Bryan Rust in Anaheim Ducks zone.
9:53 of 3rd period - Snap shot by Cutter Gauthier.
9:53 of 3rd period - Shot Blocked by Morgan Rielly.
9:59 of 3rd period - Jack Johnson is hit by Ivan Provorov and loses puck.
10:58 of 3rd period - Snap shot by Mathieu Olivier.
10:58 of 3rd period - Stopped by Linus Ullmark with a rebound.
11:10 of 3rd period - Cole Smith is hit by Alex Killorn.
11:30 of 3rd period - Morgan Rielly is hit by Travis Hamonic.
11:44 of 3rd period - Roman Josi is hit by John Tavares.
11:48 of 3rd period - Shea Theodore is hit by William Nylander and loses puck.
12:01 of 3rd period - Roman Josi is hit by Nazem Kadri and loses puck.
12:48 of 3rd period - Wrist shot by Sean Monahan.
12:48 of 3rd period - Stopped by Linus Ullmark without a rebound.
12:49 of 3rd period - Sean Monahan wins face-off versus Mark Scheifele in Anaheim Ducks zone.
13:15 of 3rd period - Mason Marchment is hit by Auston Matthews.
13:53 of 3rd period - Bryan Rust is hit by Chandler Stephenson and loses puck.
14:41 of 3rd period - Erik Johnson is hit by Nazem Kadri and loses puck.
14:59 of 3rd period - Philip Broberg is hit by Jack Johnson and loses puck.
15:30 of 3rd period - Bryan Rust is hit by William Nylander and loses puck.
15:39 of 3rd period - Wrist shot by Mark Scheifele.
15:39 of 3rd period - Shot Misses the Net.
15:41 of 3rd period - Snap shot by William Nylander.
15:41 of 3rd period - Shot Blocked by Mathew Barzal.
15:43 of 3rd period - Snap shot by William Nylander.
15:43 of 3rd period - Shot Blocked by Travis Hamonic.
15:53 of 3rd period - Snap shot by Brayden Schenn.
15:53 of 3rd period - Stopped by Mackenzie Blackwood without a rebound.
15:54 of 3rd period - Andreas Athanasiou wins face-off versus Nazem Kadri in Vegas Golden Knights zone.
16:39 of 3rd period - Wrist shot by Mark Scheifele.
16:39 of 3rd period - Deflect By William Nylander.
16:39 of 3rd period - Stopped by Mackenzie Blackwood without a rebound.
16:40 of 3rd period - Mark Scheifele wins face-off versus Sean Monahan in Vegas Golden Knights zone.
16:46 of 3rd period - Off-side.
16:47 of 3rd period - Mark Scheifele wins face-off versus Jordan Staal in neutral zone.
17:02 of 3rd period - Snap shot by William Nylander.
17:02 of 3rd period - Deflect By John Tavares.
17:02 of 3rd period - Shot Blocked by Thomas Chabot.
17:02 of 3rd period - Puck is out of play.
17:03 of 3rd period - Auston Matthews wins face-off versus Chandler Stephenson in Vegas Golden Knights zone.
17:17 of 3rd period - Minor Penalty to Will Cuylle for Slashing.
17:18 of 3rd period - Sean Monahan wins face-off versus Chandler Stephenson in Anaheim Ducks zone.
17:50 of 3rd period - Off-side.
17:51 of 3rd period - Auston Matthews wins face-off versus Chandler Stephenson in neutral zone.
17:54 of 3rd period - Alex Killorn is hit by Bryan Rust and loses puck.
18:01 of 3rd period - Wrist shot by Mathew Barzal.
18:01 of 3rd period - Goal by Mathew Barzal - Vegas Golden Knights : 7 - Anaheim Ducks : 5.
18:02 of 3rd period - Jordan Staal wins face-off versus Chandler Stephenson in neutral zone.
18:02 of 3rd period - Jordan Staal is hit by Chandler Stephenson.
18:07 of 3rd period - Slapshot by Roman Josi.
18:07 of 3rd period - Shot Misses the Net.
18:09 of 3rd period - Snap shot by Roman Josi.
18:09 of 3rd period - Deflect By Cutter Gauthier.
18:09 of 3rd period - Stopped by Linus Ullmark with a rebound.
18:59 of 3rd period - Slapshot by Tyler Toffoli.
18:59 of 3rd period - Shot Blocked by Brayden Schenn.
19:19 of 3rd period - Travis Hamonic is hit by Chandler Stephenson.
Goals for this period are 1 for Vegas Golden Knights vs 2 for Anaheim Ducks.
Shots for this period are 12 for Vegas Golden Knights vs 10 for Anaheim Ducks.